 Dungeon Crawl Stone Soup version 0.23-a0-183-gf37f6fb (webtiles) character file.

7487 Felrender the Carver (level 10, -7/88 HPs)
             Began as a Minotaur Fighter on Sept 21, 2018.
             Was a Believer of Wu Jian.
             Mangled by Erica
             ... wielding a +1 scimitar of flaming
              (12 damage)
             ... on level 1 of the Orcish Mines.
             The game lasted 00:26:30 (10713 turns).

Felrender the Carver (Minotaur Fighter)            Turns: 10713, Time: 00:26:31

Health: -7/88      AC: 15    Str: 26    XL:     10   Next: 94%
Magic:  9/9        EV: 12    Int:  5    God:    Wu Jian [**....]
Gold:   488        SH:  0    Dex: 10    Spells: 9/9 levels left

rFire    + + .     SeeInvis .   a - +0 long sword
rCold    + + +     Gourm    .   c - +1 shield
rNeg     . . .     Faith    .   o - +3 ring mail {rC+}
rPois    .         Spirit   .   e - +1 hat
rElec    .         Reflect  .   L - scarf {rC+ rF+}
rCorr    .         Harm     .   x - +2 pair of gloves
MR       +....                  N - +0 pair of boots
Stlth    ..........             (no amulet)
HPRegen  0.24/turn              s - ring of protection from cold
MPRegen  0.11/turn              F - ring of protection from magic

@: confused, lethally poisoned (-7 -> -11)
A: retaliatory headbutt, horns 2, blurry vision 1, cold resistance 1, fire
resistance 1, strong 1
a: Wall Jump, Renounce Religion


You were on level 1 of the Orcish Mines.
You worshipped Wu Jian.
Wu Jian was pleased with you.
You were not hungry.

You visited 2 branches of the dungeon, and saw 11 of its levels.

You collected 788 gold pieces.
You spent 300 gold pieces at shops.

Inventory:

Hand Weapons
 a - a +0 long sword (weapon)
 d - a +2 scimitar of freezing
 D - a +3 hand axe
 G - a +2 trident
 H - a +3 halberd
 I - a +4 mace of freezing
Armour
 c - a +1 shield (worn)
 e - a +1 hat (worn)
 n - a +0 chain mail
 o - a +3 ring mail of cold resistance (worn)
 x - a +2 pair of gloves (worn)
 L - a scarf of resistance (worn)
 N - a +0 pair of boots (worn)
Jewellery
 q - an uncursed ring of ice (quivered)
 s - a ring of protection from cold (left hand)
 F - a ring of protection from magic (right hand)
 J - an uncursed ring of poison resistance {unknown}
 M - an uncursed ring of protection from magic
Wands
 i - a wand of flame (24)
 k - a wand of iceblast (12)
 r - a wand of acid (6)
 t - a wand of disintegration (13)
 u - a wand of digging (21)
Scrolls
 b - a scroll of noise
 h - 2 scrolls of blinking
 p - a scroll of fear
 y - 3 scrolls of magic mapping
 z - 2 scrolls of amnesia
 B - 5 scrolls of teleportation
 C - a scroll of vulnerability
 E - 2 scrolls of remove curse
Potions
 j - a potion of brilliance
 l - a potion of agility {unknown}
 m - 3 potions of flight {unknown}
 v - a potion of lignification {unknown}
 K - a potion of degeneration {unknown}
Comestibles
 f - 16 rations


   Skills:
 + Level 8.0 Fighting
 + Level 12.1 Long Blades
 + Level 9.3 Armour
 + Level 5.4 Dodging
 + Level 1.1 Stealth
 + Level 10.4 Shields
 + Level 0.4 Evocations


You had 9 spell levels left.
You didn't know any spells.
Your spell library contained the following spells:

 Spells                   Type           Power        Failure   Level  Hunger
 Sandblast                Erth           #.....       80%         1    ##.....
 Passwall                 Tmut/Erth      #.......     90%         2    ###....
 Stone Arrow              Conj/Erth      #.....       99%         3    ####...
 Petrify                  Tmut/Erth      #.......     100%        4    #####..
 Lee's Rapid Deconstruct  Erth           #.........   100%        5    ######.


Dungeon Overview and Level Annotations

Branches:
Dungeon (10/15)            Temple (0/1) D:5            Lair (0/6) D:10
    Orc (1/2) D:10

Altars:
Qazlal
Uskayaw
Wu Jian

Shops:
D:5 }   D:6 %

Annotations:
Orc:1 Erica


Innate Abilities, Weirdness & Mutations

You reflexively headbutt those who attack you in melee.
You have a pair of horns on your head.
Scrolls take you a little longer to read.
Your flesh is cold resistant. (rC+)
Your flesh is heat resistant. (rF+)
Your muscles are strong. (Str +2)


Message History

Quivering
q - an uncursed ring of ice for throwing.
You feel better. Something hits you but does no damage.
You feel better. Something hits you but does no damage.
You slash something! Your headbutt misses something.
You hear some strange, mumbled words.
A bolt of poison appears from out of thin air!
The bolt of poison hits you!
You are poisoned.
* * * LOW HITPOINT WARNING * * *
You slash something!
You feel sick. Something hits you but does no damage.
You closely miss something.
You feel sick.
You closely miss something.
You feel sick. Something hits you.
* * * LOW HITPOINT WARNING * * *
You hit something. You headbutt something!
Something hits you but does no damage.
All of the chunks of flesh in your inventory have rotted away.
It was a potion of ambrosia.
You are confused.
You feel invigorated.
You feel sick. Something hits you!
You die...

##............
##......≈≈≈≈≈
##.....≈####
###...≈#
######..≈#
##.#.....≈#
#........≈#
#.)).....≈#
###@#..)...'...
#..#{......'...
#..........≈###'
##.........≈#
###.......≈#
#.......≈#
........≈#
.......≈ ...#...


There were no monsters in sight!

Vanquished Creatures
  Gastronok (D:10)
  A troll (D:10)
  Grinder (D:6)
  Prince Ribbit (D:8)
  Sigmund (D:3)
  4 hogs (D:7)
  A human (D:7)
  Eustachio (D:6)
  A warg (Orc:1)
  Duvessa (D:5)
  A water moccasin (D:9)
  A sky beast (D:5)
  2 ice beasts
  An orc warrior (Orc:1)
  2 phantoms
  A necrophage (D:10)
  3 ogres
  An eye of draining (D:8)
  A crocodile (D:10)
  3 centaurs
  3 bullfrogs (D:6)
  Dowan (D:5)
  5 scorpions
  4 killer bees (D:8)
  8 wights (D:8)
  5 electric eels (D:10)
  3 crimson imps
  A quasit (D:10)
  2 centaur zombies (D:7)
  18 hounds
  5 orc wizards
  6 jellies
  2 orc priests
  Ijyb (D:4)
  2 iguanas (D:5)
  7 worker ants
  A killer bee zombie (D:10)
  A hound zombie (D:9)
  8 adders
  2 oozes (D:1)
  2 adder zombies
  An adder skeleton (D:3)
  2 worms
  2 dart slugs (D:3)
  7 leopard geckos
  16 orcs
  A ball python (D:5)
  5 giant cockroaches
  6 goblins
  9 hobgoblins
  6 jackals
  4 kobolds
  5 quokkas
  5 bats
  6 frilled lizards
  A leopard gecko skeleton (D:6)
  A quokka skeleton (D:6)
  2 quokka zombies
  7 rats
202 creatures vanquished.

Notes
Turn   | Place    | Note
-------+----------+-------------------------------------------
     0 | D:1      | Felrender the Minotaur Fighter began the quest for the Orb.
     0 | D:1      | Reached XP level 1. HP: 19/19 MP: 0/0
   246 | D:1      | Reached XP level 2. HP: 25/27 MP: 1/1
   779 | D:2      | Reached XP level 3. HP: 33/33 MP: 2/2
   878 | D:2      | Noticed a bullfrog
   878 | D:2      | Noticed a big kobold
   922 | D:2      | Reached skill level 3 in Long Blades
  1378 | D:3      | Reached XP level 4. HP: 40/40 MP: 3/3
  1556 | D:3      | Noticed Sigmund
  1566 | D:3      | Killed Sigmund
  1566 | D:3      | Reached skill level 4 in Long Blades
  1566 | D:3      | Reached skill level 5 in Armour
  1566 | D:3      | Reached skill level 1 in Dodging
  1566 | D:3      | Reached XP level 5. HP: 35/47 MP: 4/4
  1697 | D:3      | Reached XP level 6. HP: 53/53 MP: 5/5
  2040 | D:3      | Noticed an ice beast
  2049 | D:3      | Killed an ice beast
  2049 | D:3      | Reached skill level 5 in Shields
  2394 | D:4      | Noticed Ijyb
  2413 | D:4      | Killed Ijyb
  2413 | D:4      | Reached skill level 5 in Long Blades
  2749 | D:4      | Reached XP level 7. HP: 41/60 MP: 6/6
  3048 | D:5      | Entered Level 5 of the Dungeon
  3121 | D:5      | Reached skill level 5 in Fighting
  3212 | D:5      | Noticed Duvessa
  3213 | D:5      | Noticed Dowan
  3252 | D:5      | Killed Duvessa
  3260 | D:5      | Killed Dowan
  3260 | D:5      | Reached skill level 6 in Long Blades
  3416 | D:5      | Found an ornate altar of the Wu Jian Council.
  3422 | D:5      | Became a worshipper of the Wu Jian Council
  3513 | D:5      | Found a staircase to the Ecumenical Temple.
  3517 | D:5      | Reached XP level 8. HP: 68/68 MP: 7/7
  3769 | D:5      | Found a sand-covered staircase.
  4148 | D:5      | Found Hecid's Gadget Shoppe.
  4442 | D:6      | Noticed Grinder
  4458 | D:6      | Paralysed by Grinder for 4 turns
  4467 | D:6      | Killed Grinder
  4467 | D:6      | Reached skill level 7 in Long Blades
  4850 | D:6      | Noticed Eustachio
  4865 | D:6      | Killed Eustachio
  4886 | D:6      | Found Nogaibb's Food Shoppe.
  4889 | D:6      | Bought a ration for 50 gold pieces
  4889 | D:6      | Bought a ration for 50 gold pieces
  4889 | D:6      | Bought a ration for 50 gold pieces
  4889 | D:6      | Bought a ration for 50 gold pieces
  4889 | D:6      | Bought a ration for 50 gold pieces
  4889 | D:6      | Bought a ration for 50 gold pieces
  5043 | D:6      | Reached skill level 8 in Long Blades
  5452 | D:6      | Reached XP level 9. HP: 74/78 MP: 8/8
  5871 | D:7      | Reached * piety under Wu Jian
  6073 | D:7      | Reached skill level 9 in Long Blades
  6323 | D:8      | Reached skill level 10 in Long Blades
  6420 | D:8      | Found a stormy altar of Qazlal.
  6706 | D:8      | Noticed Prince Ribbit
  6731 | D:8      | Reached ** piety under Wu Jian
  6741 | D:8      | Killed Prince Ribbit
  6741 | D:8      | Reached XP level 10. HP: 86/86 MP: 9/9
  8175 | D:9      | Reached skill level 11 in Long Blades
  8399 | D:10     | Entered Level 10 of the Dungeon
  8407 | D:10     | Found a hide-covered altar of Uskayaw.
  8429 | D:10     | Noticed Gastronok
  8454 | D:10     | Killed Gastronok
  8454 | D:10     | Reached skill level 5 in Dodging
  8454 | D:10     | Reached skill level 1 in Stealth
  8726 | D:10     | Reached skill level 10 in Shields
  8762 | D:10     | Gained mutation: You expend magic power (3 MP) to
                  | strengthen your wands. [potion of mutation]
  8762 | D:10     | Gained mutation: Your system is resistant to poisons.
                  | (rPois) [potion of mutation]
  9417 | D:10     | Found a staircase to the Lair.
  9431 | D:10     | Reached skill level 12 in Long Blades
  9807 | D:10     | Found a staircase to the Orcish Mines.
 10456 | Orc:1    | Entered Level 1 of the Orcish Mines
 10676 | Orc:1    | Noticed Erica
 10704 | Orc:1    | Lost mutation: You expend magic power (3 MP) to strengthen
                  | your wands. [potion of mutation]
 10704 | Orc:1    | Lost mutation: Your system is resistant to poisons. (rPois)
                  | [potion of mutation]
 10704 | Orc:1    | Gained mutation: Scrolls take you a little longer to read.
                  | [potion of mutation]
 10704 | Orc:1    | Gained mutation: Your muscles are strong. (Str +2) [potion
                  | of mutation]
 10704 | Orc:1    | Gained mutation: Your flesh is heat resistant. (rF+)
                  | [potion of mutation]
 10704 | Orc:1    | Gained mutation: Your flesh is cold resistant. (rC+)
                  | [potion of mutation]
 10711 | Orc:1    | HP: 2/88 [something (4)]
 10713 | Orc:1    | Mangled by Erica

Vault maps used:
D:1:      mrwooster_arrival_arrow
D:2:      lightli_corner_chamber
D:3:      uniq_sigmund
D:4:      first_ration, uniq_ijyb
D:5:      lemuel_round_altar, minmay_temple_entry_statues_pillars, serial_shops,
          kennysheep_little_box, nicolae_ossuary_entry_false_entrances,
          uniq_duvessa
D:6:      serial_shops, kennysheep_mini_moat, serial_glass, glass_columns_b,
          glass_columns_a, due_unseen_surprise, item_on_display_a,
          serial_park_tiny_2, uniq_eustachio, uniq_grinder
D:7:      grunt_livestock
D:8:      grunt_qazlal_sundering, uniq_prince_ribbit1
D:10:     erik_lair_island, orc_0_dummy, serial_column_ruins,
          column_ruins_temple_hall, column_ruins_open_tiny,
          column_ruins_corridor_corner, column_ruins_corridor_T,
          column_ruins_columns_corner, uniq_gastronok
Orc:1:    nooodl_orcs_dogs, uniq_erica

Skill      XL: |  1  2  3  4  5  6  7  8  9 10 |
---------------+-------------------------------+-----
Armour         | 4 5 6 7 8 9 |  9.3
Fighting       | 4 5 6 7 8 |  8.0
Shields        | 4 5 6 7 9 10 | 10.4
Long Blades    | 3 4 5 6 8 10 12 | 12.1
Dodging        | 1 2 3 4 5 |  5.4
Stealth        | 1 |  1.1
Evocations     | |  0.4

Action                   |  1- 3 |  4- 6 |  7- 9 | 10-12 || total
-------------------------+-------+-------+-------+-------++-------
Melee: Long sword        |    90 |   162 |   345 |   243 ||   840
       Headbutt          |    11 |    25 |    57 |    49 ||   142
Invok: Lunge             |       |       |    20 |    18 ||    38
       Whirlwind         |       |       |     4 |    27 ||    31
       Wall Jump         |       |       |       |     5 ||     5
 Abil: Wall Jump         |       |       |       |     3 ||     3
Evoke: Wand              |       |       |     1 |     7 ||     8
  Use: Scroll            |     6 |     8 |     5 |     3 ||    22
       Potion            |       |     3 |     4 |     6 ||    13
  Eat: Chunk             |     2 |     4 |     6 |     3 ||    15
       Ration            |       |       |     2 |     3 ||     5
Armor: Scale mail        |    34 |    14 |       |       ||    48
       Chain mail        |       |    63 |    75 |       ||   138
       Ring mail         |       |       |    27 |    62 ||    89
Dodge: Dodged            |    20 |    35 |    95 |    53 ||   203
Block: Shield            |    51 |    72 |   188 |   120 ||   431
       Rpst.: Long sword |     5 |     8 |    36 |    16 ||    65

Table legend:
 A = Non-vault XP
 B = Vault XP
 C = Vault XP percentage of total XP
 D = Non-vault monster count
 E = Vault monster count
 F = Vault count percentage of total count
                 A         B        C        D         E       F
            +---------+---------+-------+---------+---------+-------
      Total |    5636 |    5061 |  47.3 |     180 |      22 |  10.9
            +---------+---------+-------+---------+---------+-------
        D:1 |      40 |       0 |   0.0 |      17 |       0 |   0.0
        D:2 |      26 |       0 |   0.0 |      13 |       0 |   0.0
        D:3 |     288 |     223 |  43.6 |      30 |       1 |   3.2
        D:4 |     184 |      38 |  17.1 |       9 |       1 |  10.0
        D:5 |     561 |     225 |  28.6 |       9 |       2 |  18.2
        D:6 |     791 |     463 |  36.9 |      23 |       2 |   8.0
        D:7 |     566 |    1012 |  64.1 |      14 |       5 |  26.3
        D:8 |    1365 |     259 |  15.9 |      26 |       1 |   3.7
        D:9 |     623 |       0 |   0.0 |      12 |       0 |   0.0
       D:10 |     730 |    2841 |  79.6 |      16 |      10 |  38.5
      Orc:1 |     462 |       0 |   0.0 |      11 |       0 |   0.0
            +---------+---------+-------+---------+---------+-------
